 Dungeon Crawl Stone Soup version 0.31-a0-246-g8cbcc1cb85 (webtiles) character file.

Game seed: 2856925903820726987

198 Dittersdorf the Shield-Bearer (level 5, 0/34 HPs)
             Began as a Gargoyle Fighter on July 12, 2023.
             Slain by a +8 spear of Vaggok {spect, rC+ Will+} (2 damage)
             ... created by an orc
             ... on level 4 of the Dungeon.
             The game lasted 00:02:45 (2345 turns).

Dittersdorf the Shield-Bearer (Gargoyle Fighter)    Turns: 2345, Time: 00:02:46

Health: 0/34       AC: 13    Str: 21    XL:     5   Next: 77%
Magic:  5/5        EV: 14    Int:  9    God:
Gold:   211        SH:  0    Dex:  9    Spells: 4/4 levels left

rFire   + . .        t - +2 flail (protect)
rCold   + . .        c - +0 buckler
rNeg    + . .        b - +0 scale mail
rPois   ∞            a - +0 helmet
rElec   +            v - scarf {rC+ rF+}
rCorr   .            (no gloves)
SInv    .            i - +0 pair of boots
Will    .....        (no amulet) Stlth
                     e - ring of flight
HPRegen 0.25/turn    p - +5 ring of evasion
MPRegen 0.09/turn

%: no passive effects
@: confused, flying
A: sickness immunity, AC +4, negative energy resistance 1, electricity
resistance, torment resistance 1, petrification resistance
a: no special abilities


You were on level 4 of the Dungeon.
You visited 2 branches of the dungeon, and saw 5 of its levels.

You collected 211 gold pieces.

Inventory:

Hand Weapons
 t - a +2 flail of protection (weapon)
Missiles
 n - 8 poisoned darts
Armour
 a - a +0 helmet (worn)
 b - a +0 scale mail (worn)
 c - a +0 buckler (worn)
 i - a +0 pair of boots (worn)
 l - a +0 plate armour
 u - a +1 cloak
 v - a scarf of resistance (worn)
Jewellery
 e - a ring of flight (left hand)
 p - a +5 ring of evasion (right hand)
 r - a ring of fire
Wands
 w - a wand of mindburst (9)
Scrolls
 h - 2 scrolls of revelation {unknown}
 j - 3 scrolls of poison {unknown}
 k - 3 scrolls of identify {unknown}
 o - 4 scrolls of fog {unknown}
 q - a scroll of enchant weapon {unknown}
 s - 4 scrolls of teleportation {unknown}
 x - a scroll of amnesia {unknown}
Potions
 d - 2 potions of might
 f - 2 potions of degeneration {unknown}
 g - a potion of lignification {unknown}
 m - 2 potions of curing {unknown}


   Skills:
 + Level 4.4 Fighting
 + Level 3.3 Maces & Flails
 + Level 4.4 Armour
 + Level 4.4 Shields


You had 4 spell levels left.
You didn't know any spells.
Your spell library contained the following spells:

 Spells                   Type           Power      Damage    Failure   Level
 Apportation              Tloc           0%         N/A       78%         1
 Summon Guardian Golem    Hex/Summ       0%         N/A       98%         3
 Alistair's Intoxication  Tmut/Pois      0%         N/A       100%        5
 Orb of Destruction       Conj           0%         9d5       100%        7
 Spellforged Servitor     Conj/Summ      0%         N/A       100%        7


Dungeon Overview and Level Annotations

Branches:
Dungeon (4/15)             Temple (1/1) D:4

Altars:
Cheibriados
Dithmenos
Fedhas
Gozag
Makhleb
Nemelex Xobeh
Ru
Trog
Wu Jian
Xom


Innate Abilities, Weirdness & Mutations

You are immune to sickness and miasma.
Your stone body is resilient. (AC +4)
You are immune to poison.
You resist negative energy. (rN+)
You are resistant to electric shocks. (rElec)
You are resistant to unholy torment.
You are immune to petrification.


Message History

You are too confused!
You are too confused!
You are too confused!
You are too confused!
You are too confused!
You are too confused!
You are too confused!
You are too confused!
You are too confused!
You are too confused!
You are too confused!
You are too confused!
You are too confused!
You are too confused!
You bump into the rock wall.
The orc hits you but does no damage.
The +8 spear of Vaggok {spect, rC+ Will+} hits you!
You bump into the rock wall.
The +8 spear of Vaggok {spect, rC+ Will+} hits you.
Something hits you but does no damage. The orc barely misses you.
The +8 spear of Vaggok {spect, rC+ Will+} hits you but does no damage.
The kobold throws a stone.
The stone misses you.
The +8 spear of Vaggok {spect, rC+ Will+} hits you but does no damage.
You bump into the rock wall.
The +8 spear of Vaggok {spect, rC+ Will+} hits you but does no damage.
The +8 spear of Vaggok {spect, rC+ Will+} hits you.
The orc barely misses you.
The +8 spear of Vaggok {spect, rC+ Will+} hits you but does no damage.
Something barely misses you.
The +8 spear of Vaggok {spect, rC+ Will+} barely misses you.
You bump into the rock wall.
The +8 spear of Vaggok {spect, rC+ Will+} hits you.
* * * LOW HITPOINT WARNING * * *
The +8 spear of Vaggok {spect, rC+ Will+} misses you.
Something hits you but does no damage. The orc misses you.
The +8 spear of Vaggok {spect, rC+ Will+} hits you.
* * * LOW HITPOINT WARNING * * *
The +8 spear of Vaggok {spect, rC+ Will+} hits you but does no damage.
You bump into the rock wall.
The +8 spear of Vaggok {spect, rC+ Will+} hits you.
You die...

.# .##........)...#
.##..##.....###'###
..##........# #.#
>....⌠......###.#
..##....#....)..####
.##..##...##'##....####.
.#..##........)###......
...##..........###JK....
⌠..#....#.<....{@(oB...#
......#.#......####....'
.####)#........# ..#
...##.#.##.....# .
##..#...#....... #
#.....#.###... #
###...#. #... #####.###
.#. #.....#


You could see a +8 spear of Vaggok {spect, rC+ Will+}, an orc, an endoplasm, a
giant cockroach and a kobold.

Vanquished Creatures
  A hound (D:4)
  Crazy Yiuf (D:3)
  8 adders
  2 adder zombies (D:2)
  2 dart slugs
  3 orcs
  A bat zombie (D:2)
  4 endoplasms
  3 giant cockroaches
  6 goblins
  2 hobgoblins
  A quokka (D:4)
  6 ball pythons
  A ball python skeleton (D:2)
  5 bats
  3 frilled lizards
  A giant cockroach zombie (D:2)
  8 kobolds
  3 rats
61 creatures vanquished.

Notes
Turn   | Place    | Note
-------+----------+-------------------------------------------
     0 | D:1      | Dittersdorf the Gargoyle Fighter began the quest for the
                  | Orb.
     0 | D:1      | Reached XP level 1. HP: 14/14 MP: 1/1
   155 | D:1      | Reached XP level 2. HP: 17/19 MP: 2/2
   810 | D:2      | Reached XP level 3. HP: 15/23 MP: 3/3
   987 | D:2      | Reached XP level 4. HP: 16/29 MP: 4/4
  1140 | D:2      | Found Kukutupa's Antique Weapon Emporium.
  1177 | D:2      | Found a faded altar of an unknown god.
  1784 | D:3      | Found a runed translucent door.
  1785 | D:3      | Noticed Crazy Yiuf
  1951 | D:3      | Killed Crazy Yiuf
  1952 | D:3      | Reached XP level 5. HP: 24/33 MP: 5/5
  2090 | D:4      | Found a staircase to the Ecumenical Temple.
  2096 | Temple   | Entered the Ecumenical Temple
  2337 | D:4      | Identified the +8 spear of Vaggok {spect, rC+ Will+}
  2344 | D:4      | HP: 1/34 [+8 spear of Vaggok {spect, rC+ Will+}[an orc]
                  | (5)]
  2345 | D:4      | Slain by a +8 spear of Vaggok {spect, rC+ Will+}

Illustrated notes

Levels and vault maps discovered:
D:1:      shiori_arrival_elements, layout_basic, palyth_stone_intersect
D:2:      layout_rooms, serial_undead, serial_undead_c, serial_undead_d,
          serial_undead_c, serial_undead_e, serial_undead_c, serial_undead_c,
          serial_undead_b, serial_shops, nicolae_shop_waterfront,
          hellmonk_ecumenical_altar_leap_of_faith, kennysheep_generic_room_8
D:3:      wander_river, layout_rooms, uniq_crazy_yiuf_cottage
D:4:      layout_basic, nicolae_qazlal_style_of_elements,
          minmay_temple_entry_waves, st_stairs_7, grunt_ministairs_12
Temple:   zaba_magenta_temple

Skill      XL: |  1  2  3  4 |
---------------+-------------+-----
Armour         | 4 |  4.4
Fighting       | 4 |  4.4
Shields        | 4 |  4.4
Maces & Flails | 3 |  3.3

Action                     |  1- 3 |  4- 6 || total
---------------------------+-------+-------++-------
  Melee: Flail             |   111 |   109 ||   220
 Armour: Scale mail        |    91 |    63 ||   154
  Dodge: Dodged            |    87 |    90 ||   177
  Block: Buckler           |    34 |    32 ||    66

Table legend: (Time is in decaauts)
 A = Elapsed time spent in this place.
 B = Non-inter-level travel time spent in this place.
 C = Inter-level travel time spent in this place.
 D = Time resting spent in this place.
 E = Time spent auto-exploring this place.
 F = Levels seen in this place.
 G = Mean time per level.
                   A        B        C        D        E       F      G
               +--------+--------+--------+--------+--------+-----+--------+
         Total |   2410 |   2294 |    116 |     68 |   1673 |   5 |  482.0 |
       Dungeon |   2337 |   2239 |     98 |     68 |   1623 |   4 |  584.2 |
        Temple |     73 |     55 |     18 |      0 |     50 |   1 |   73.0 |
               +--------+--------+--------+--------+--------+-----+--------+

Top non-repeatable levels by time:
     D:1: 807 daAuts
     D:3: 696 daAuts
     D:2: 586 daAuts
     D:4: 246 daAuts
  Temple: 73 daAuts
